 Dungeon Crawl Stone Soup version 0.30-a0-134-gb40fab5c76 (webtiles) character file.

Game seed: 10040331597134720239

4 NinjaNoafa the Caller (level 1, 0/13 HPs)
             Began as a Human Wanderer on Sept 19, 2022.
             Frozen to death by an endoplasm (1 damage)
             ... on level 1 of the Dungeon.
             The game lasted 00:01:21 (155 turns).

NinjaNoafa the Caller (Human Wanderer)               Turns: 155, Time: 00:01:21

Health: 0/13       AC:  3    Str: 11    XL:     1   Next: 66%
Magic:  0/2        EV: 12    Int: 13    God:
Gold:   0          SH:  0    Dex: 12    Spells: 1/2 levels left

rFire   . . .      SeeInvis .    a - +1 dagger
rCold   . . .      Faith    .    (no shield)
rNeg    . . .      Spirit   .    d - +0 robe
rPois   .          Reflect  .    b - +0 helmet
rElec   .          Harm     .    (no cloak)
rCorr   .          Rampage  .    (no gloves)
Will    .....                    (no boots)
Stlth   +.........               (no amulet)
HPRegen 0.04/turn                (no ring)
MPRegen 0.08/turn                (no ring)

@: no status effects
A: no striking features
a: no special abilities


You were on level 1 of the Dungeon.
You visited 1 branch of the dungeon, and saw 1 of its levels.

Inventory:

Hand Weapons
 a - a +1 dagger (weapon)
Armour
 b - a +0 helmet (worn)
 d - a +0 robe (worn)
Scrolls
 e - a scroll of vulnerability


   Skills:
 - Level 1.0 Armour
 - Level 3.0 Dodging
 + Level 1.2 Spellcasting
 + Level 4.1 Summonings
 - Level 1.0 Invocations


You had one spell level left.
You knew the following spells:

 Your Spells              Type           Power      Damage    Failure   Level
a - Summon Small Mammal   Summ           44%        N/A       4%          1

Your spell library contained the following spells:

 Spells                   Type           Power      Damage    Failure   Level
 Call Canine Familiar     Summ           11%        N/A       16%         3
 Summon Guardian Golem    Hex/Summ       6%         N/A       34%         3


Dungeon Overview and Level Annotations

Branches:
Dungeon (1/15)

Altars:


Message History

The endoplasm is lightly wounded.
The hobgoblin hits you but does no damage.
The endoplasm hits you. The endoplasm attacks as you move away!
The endoplasm hits you but does no damage.
Unknown command.
You hit the dart slug. You punch the dart slug.
You kill the dart slug!
You hit the hobgoblin but do no damage. You punch the hobgoblin.
The hobgoblin is moderately wounded.
The hobgoblin hits you.
* * * LOW HITPOINT WARNING * * *
You aren't carrying any potions.
As you read the scroll of fog, it crumbles to dust.
The scroll dissolves into smoke.
The hobgoblin barely misses you.
As you read the scroll labelled UHUSOI BENLU, it crumbles to dust.
It is a scroll of enchant weapon.
Your +0 dagger glows red for a moment.
The hobgoblin misses you.
You hit the hobgoblin.
The hobgoblin is heavily wounded.
The hobgoblin hits you but does no damage.
You hit the hobgoblin but do no damage.
The hobgoblin is heavily wounded.
The hobgoblin hits you but does no damage.
Casting: Summon Small Mammal (safe; 4% risk of failure)
Confirm with . or Enter, or press ? or * to list all spells.
The hobgoblin hits you but does no damage.
The hobgoblin hits you.
* * * LOW HITPOINT WARNING * * *
The endoplasm barely misses you. The endoplasm attacks as you move away!
The endoplasm hits you.
* * * LOW HITPOINT WARNING * * *
The hobgoblin completely misses you.
Your bat barely misses the hobgoblin.
You hit the hobgoblin.
You kill the hobgoblin!
Your bat hits the endoplasm. The endoplasm freezes you.
You are frozen.
You die...

........# ..#
........# #.##
........######..######
.......b#.#..........#
.......g§###.#....#.#
.......§#§##§..†....##
........#b§§§........#
###.###.#J§§####.....#
#. #.#.@§§.#.###..# #
#.#..§§§...#...#
#....##.......##
#....#........##
###....~.......#
##...~~.~.~..#
#.~~~.~.≈~..#
#.~≈..~.~~..#
~≈~~~≈.~~.#


You could see an endoplasm (ally target) and a friendly bat (summoned).

Vanquished Creatures
  A dart slug (D:1)
  A hobgoblin (D:1)
2 creatures vanquished.

Vanquished Creatures (collateral kills)
  A hobgoblin (D:1)
1 creature vanquished.

Grand Total: 3 creatures vanquished

Notes
Turn   | Place    | Note
-------+----------+-------------------------------------------
     0 | D:1      | NinjaNoafa the Human Wanderer began the quest for the Orb.
     0 | D:1      | NinjaNoafa set off with the following items: a +0 dagger, a
                  | +0 helmet, a scroll of fog, a +0 robe, a scroll of
                  | vulnerability; and the following spell memorised: Summon
                  | Small Mammal; and the following spells available to
                  | memorise: Call Canine Familiar, Summon Guardian Golem.
     0 | D:1      | Reached XP level 1. HP: 13/13 MP: 2/2
   155 | D:1      | Frozen to death by an endoplasm

Illustrated notes

Levels and vault maps discovered:
D:1:      dpeg_arrival_more_subterranean_lakeside_camping, layout_loops_ring

Action                   || total
-------------------------++-------
Melee: Dagger            ||    13
       Punch             ||     2
 Cast: Summon Small Mamm ||     4
  Use: Scroll            ||     2
Armor: Robe              ||     7
Dodge: Dodged            ||    13

Table legend: (Time is in decaauts)
 A = Elapsed time spent in this place.
 B = Non-inter-level travel time spent in this place.
 C = Inter-level travel time spent in this place.
 D = Time resting spent in this place.
 E = Time spent auto-exploring this place.
 F = Levels seen in this place.
 G = Mean time per level.
                   A        B        C        D        E       F      G
               +--------+--------+--------+--------+--------+-----+--------+
         Total |    155 |    155 |      0 |      0 |    115 |   1 |  155.0 |
       Dungeon |    155 |    155 |      0 |      0 |    115 |   1 |  155.0 |
               +--------+--------+--------+--------+--------+-----+--------+

Top non-repeatable levels by time:
     D:1: 155 daAuts
